 Dungeon Crawl Stone Soup version 0.18-a0-1060-g4fac74f (webtiles) character file.

122 namelastname112 the Sneak (level 4, 0/36 HPs)
             Began as a Draconian Wizard on Jan 13, 2016.
             Was a Follower of Zin.
             Killed by divine providence
             ... invoked by an orc priest
              (13 damage)
             ... on level 3 of the Dungeon.
             The game lasted 00:06:06 (2606 turns).

namelastname112 the Sneak (Draconian Wizard)        Turns: 2606, Time: 00:06:07

Health: 0/36       AC:  6    Str:  9    XL:     4   Next: 78%
Magic:  1/8        EV: 12    Int: 19    God:    Zin [*.....]
Gold:   101        SH:  0    Dex: 10    Spells: 1 memorised, 8 levels left

rFire  . . .     SeeInvis .     g - +0 short sword
rCold  . . .     Gourm    .     (armour unavailable)
rNeg   . . .     Faith    .     (no shield)
rPois  .         Spirit   .     a - +0 hat
rElec  .         Dismiss  .     e - +0 cloak
rCorr  .         Reflect  .     (no gloves)
SustAt .         Harm     .     (no boots)
MR     .....                    (no amulet)
Stlth  ++........               (no ring)
                                (no ring)

@: short of breath, very slightly contaminated, not resistant to hostile
enchantments, unstealthy
A: unfitting armour, cold-blooded, AC +5
a: Recite, Donate Gold, Renounce Religion


You were on level 3 of the Dungeon.
You worshipped Zin.
Zin was aware of your devotion.
You were not hungry.

You visited 1 branch of the dungeon, and saw 4 of its levels.

You collected 112 gold pieces.
You donated 11 gold pieces to Zin.

Inventory:

Hand Weapons
 g - a +0 short sword (weapon)
Armour
 a - a +0 hat (worn)
 e - a +0 cloak (worn)
Scrolls
 d - 7 scrolls of remove curse {unknown}
 f - 2 scrolls of identify {unknown}
 l - a scroll of recharging {unknown}
 n - 4 scrolls of teleportation {unknown}
 q - 3 scrolls of enchant weapon {unknown}
 s - a scroll of blinking {unknown}
 t - a scroll of enchant armour {unknown}
Potions
 h - a potion of might {unknown}
 i - 2 potions of poison {unknown}
 k - a potion of mutation {unknown}
 m - 2 potions of heal wounds {unknown}
 o - a potion of curing {unknown}
 p - a potion of berserk rage {unknown}
Books
 b - a book of Minor Magic

   Spells                             Type                      Level
   a - Magic Dart                     Conjuration                  1
   b - Blink                          Translocation                2
   c - Call Imp                       Summoning                    2
   d - Repel Missiles                 Charms/Air                   2
   e - Slow                           Hexes                        2
   f - Conjure Flame                  Conjuration/Fire             3
   g - Mephitic Cloud                 Conjuration/Poison/Air       3
Comestibles
 c - 3 bread rations
 j - a meat ration
 r - 4 fruits


   Skills:
 + Level 2.1 Fighting
 * Level 2.1 Short Blades
 + Level 2.2 Dodging
 * Level 3.2 Stealth
 - Level 3.0 Spellcasting
 - Level 1.0 Conjurations
   Level 1.0 Summonings
   Level 1.0 Translocations
 + Level 0.2 Invocations


You had 8 spell levels left.
You knew the following spells:

 Your Spells              Type           Power        Failure   Level  Hunger
z - Magic Dart            Conj           #...         12%         1    None


Dungeon Overview and Level Annotations

Branches:
Dungeon (4/15)
 Temple: D:4-7

Altars:
Makhleb
Nemelex Xobeh
Zin

Annotations:
D:3 gorblad's ghost, amateur DrAs


Innate Abilities, Weirdness & Mutations

Your plain brown scales are hard (AC +5).
Your body does not fit into most forms of armour.
You are cold-blooded and may be slowed by cold attacks.


Message History

The orc priest is moderately wounded.
The orc priest hits you but does no damage.
Casting: Magic Dart
Confirm with . or Enter, or press ? or * to list all spells.
Aiming: Magic Dart
Press: ? - help, Shift-Dir - straight line, f/p - orc priest
Aim: an orc priest (moderately wounded)
The magic dart hits the orc priest.
The orc priest is moderately wounded.
The orc priest hits you but does no damage.
Casting: Magic Dart
Confirm with . or Enter, or press ? or * to list all spells.
Aiming: Magic Dart
Press: ? - help, Shift-Dir - straight line, f/p - orc priest
Aim: an orc priest (moderately wounded)
The magic dart hits the orc priest.
The orc priest is moderately wounded.
The orc priest calls down the wrath of Beogh upon you.
Something smites you!
You die...

#.....####.##.#
#..#.##.# #####.#
#.##?# ##.#.##.# #.#
#.##.# #...##.# #.#
#.##.# ##..##.# #.#
#.##.# #..##.#
#.####.##.# #..##.#
.#.....†.#.# ##.##.#
........##.#######.##.#
.............@ooo...#.#
........##.#####.wo.#.#
##########.##........(#
#.##.##.o....#
#............#
####.#..o....#
#.#.....).# #.#.......#
#........o#


You could see a worm, an orc priest and 3 orcs.

Vanquished Creatures
  6 adders
  A giant gecko (D:2)
  6 orcs
  10 bats
  3 giant cockroaches
  5 goblins
  6 hobgoblins
  A quokka (D:2)
  A ball python (D:2)
  2 giant newts
  9 kobolds
  11 rats
61 creatures vanquished.

Notes
Turn   | Place    | Note
--------------------------------------------------------------
     0 | D:1      | namelastname112 the Draconian Wizard began the quest for the Orb.
     0 | D:1      | Reached XP level 1. HP: 14/14 MP: 4/4
   183 | D:1      | Reached XP level 2. HP: 16/22 MP: 6/6
   277 | D:1      | Reached skill level 1 in Short Blades
   501 | D:1      | Reached skill level 1 in Fighting
   704 | D:2      | Reached XP level 3. HP: 17/28 MP: 0/7
  1306 | D:2      | Reached XP level 4. HP: 33/36 MP: 3/8
  2046 | D:4      | Found a burning altar of Makhleb.
  2052 | D:4      | Found a glowing silver altar of Zin.
  2053 | D:4      | Noticed an angel
  2053 | D:4      | Noticed a green death
  2070 | D:4      | Became a worshipper of Zin the Law-Giver
  2070 | D:4      | Reached * piety under Zin
  2229 | D:4      | Noticed an ogre
  2342 | D:3      | Noticed gorblad's ghost (amateur DrAs)
  2506 | D:3      | Found a sparkling altar of Nemelex Xobeh.
  2606 | D:3      | Killed from afar by an orc priest

Vault maps used:
D:1:      eino_arrival_cavern_a, minmay_misc_feat_rugged
D:3:      old_standard_altar, first_bread
D:4:      lemuel_coloured_pillars_altar, kennysheep_mini_moat,
          grunt_temple_overflow_order_and_chaos_2

Action                   |  1- 3 |  4- 6 || total
-------------------------+-------+-------++-------
Melee: Unarmed           |    14 |       ||    14
       Short sword       |    61 |    53 ||   114
 Cast: Magic Dart        |    62 |    55 ||   117
Invok: Recite            |       |     5 ||     5
 Stab: Sleeping          |     2 |     1 ||     3
  Eat: Chunk             |     1 |     2 ||     3
       Meat ration       |       |     1 ||     1
